[ AOE2 MATCH · #471863521 ]
UnrankedPersians vs Malay
[ REPLAY ANALYSIS · EXTRACTED FROM THE RECORDED GAME ]
Feudal
12:03
Castle
15:13
Imperial
28:29
| APM avg | 43.9 |
| APM peak | 106 |
| eAPM avg | 23.9 |
| Villagers / military | 131 / 141 |
Focus
⚔️ 27.8% · 🌾 72.2%
Scout Cavalry ×88 · Knight ×44 · Spearman ×5 · Monk ×4
Feudal
11:46
Castle
15:41
Imperial
30:20
| APM avg | 37.7 |
| APM peak | 84 |
| eAPM avg | 14.6 |
| Villagers / military | 114 / 37 |
Focus
⚔️ 19.9% · 🌾 80.1%
Mangudai ×34 · Battering Ram ×3
Feudal
12:24
Castle
14:58
Imperial
27:52
| APM avg | 36.9 |
| APM peak | 68 |
| eAPM avg | 22.0 |
| Villagers / military | 156 / 129 |
Focus
⚔️ 32.5% · 🌾 67.5%
Battle Elephant ×126 · Trebuchet (Packed) ×2 · Monk ×1
Feudal
10:34
Castle
14:04
Imperial
27:54
| APM avg | 45.1 |
| APM peak | 88 |
| eAPM avg | 22.4 |
| Villagers / military | 160 / 87 |
Focus
⚔️ 32.4% · 🌾 67.6%
Bolas Rider ×82 · Trebuchet (Packed) ×3 · Monk ×1 · Spearman ×1
Feudal
10:56
Castle
14:26
Imperial
31:57
| APM avg | 53.7 |
| APM peak | 106 |
| eAPM avg | 20.9 |
| Villagers / military | 148 / 161 |
Focus
⚔️ 21.6% · 🌾 78.4%
Tarkan ×98 · Cavalry Archer ×63
Feudal
10:31
Castle
14:01
Imperial
28:24
| APM avg | 46.8 |
| APM peak | 138 |
| eAPM avg | 28.4 |
| Villagers / military | 146 / 144 |
Focus
⚔️ 34.0% · 🌾 66.0%
Archer ×125 · Battering Ram ×18 · Bombard Cannon ×1
Feudal
10:32
Castle
14:53
Imperial
—
| APM avg | 16.6 |
| APM peak | 62 |
| eAPM avg | 11.7 |
| Villagers / military | 92 / 32 |
Focus
⚔️ 22.3% · 🌾 77.7%
Knight ×30 · Mangonel ×2
Feudal
11:49
Castle
15:49
Imperial
34:50
| APM avg | 18.9 |
| APM peak | 44 |
| eAPM avg | 10.7 |
| Villagers / military | 60 / 0 |
Focus
⚔️ 27.0% · 🌾 73.0%
Unknown (1968) ×140
Match map
Initial resources + every placement click. Lines = walls · curves = elevation contours. ◆ gold · ⬟ stone · ● berries · ✦ relic · ◌ wall gap
Your base· ✓ Closed at 15:13 · 0t walls · 2 gate(s)
結城結弦's base· ✓ Closed at 15:41 · 0t walls · 3 gate(s)
让我们说中文's base· ✓ Closed at 14:58 · 0t walls · 2 gate(s)
Unlimit's base· ✓ Closed at 14:04 · 0t walls · 3 gate(s)
说句bin道话's base· ✓ Closed at 14:26 · 0t walls · 3 gate(s)
luoul's base· ✓ Closed at 14:01 · 0t walls · 2 gate(s)
THE_藥's base· ✓ Closed at 14:53 · 0t walls · 2 gate(s)
张宇腾's base· ✓ Closed at 15:49 · 0t walls · 3 gate(s)
Smoothed initial terrain · ◌ = detected wall gap · hover for details
Inputs per minute
— 随机必投 - - 結城結弦
Build order — 随机必投
First 150 of 459 actions detected
| 0:03 | Build | House |
| 0:03 | Create | Villager (Male) |
| 0:03 | Create | Villager (Male) |
| 0:04 | Create | Villager (Male) |
| 0:05 | Build | House |
| 0:06 | Create | Villager (Male) |
| 0:07 | Create | Villager (Male) |
| 0:07 | Create | Villager (Male) |
| 1:25 | Create | Villager (Male) |
| 2:07 | Create | Villager (Male) |
| 2:27 | Create | Villager (Male) |
| 2:30 | Build | House |
| 2:31 | Build | House |
| 2:55 | Create | Villager (Male) |
| 2:56 | Create | Villager (Male) |
| 2:56 | Create | Villager (Male) |
| 3:21 | Build | Lumber Camp |
| 3:30 | Build | House |
| 3:32 | Build | House |
| 3:40 | Create | Villager (Male) |
| 3:41 | Create | Villager (Male) |
| 3:41 | Create | Villager (Male) |
| 4:15 | Create | Villager (Male) |
| 4:29 | Create | Villager (Male) |
| 4:30 | Create | Villager (Male) |
| 5:18 | Create | Villager (Male) |
| 5:18 | Create | Villager (Male) |
| 5:41 | Build | Mill |
| 6:24 | Create | Villager (Male) |
| 6:24 | Create | Villager (Male) |
| 6:41 | Create | Villager (Male) |
| 6:48 | Create | Villager (Male) |
| 6:50 | Create | Villager (Male) |
| 6:59 | Create | Villager (Male) |
| 6:59 | Create | Villager (Male) |
| 7:13 | Create | Villager (Male) |
| 7:21 | Build | Farm |
| 7:21 | Build | Farm |
| 7:23 | Build | Farm |
| 7:25 | Build | Farm |
| 7:29 | Create | Villager (Male) |
| 7:29 | Create | Villager (Male) |
| 7:31 | Build | Farm |
| 8:08 | Create | Villager (Male) |
| 8:28 | Create | Villager (Male) |
| 9:18 | Build | Mining Camp |
| 9:27 | Research | Feudal Age |
| 11:09 | Create | Villager (Male) |
| 11:09 | Create | Villager (Male) |
| 11:50 | Build | Lumber Camp |
| 12:03 | Age | Feudal Age |
| 12:04 | Build | Market |
| 12:08 | Build | Blacksmith |
| 12:14 | Research | Double-Bit Axe |
| 12:22 | Research | Horse Collar |
| 12:23 | Research | Horse Collar |
| 12:43 | Research | Castle Age |
| 12:44 | Research | Castle Age |
| 13:06 | Create | Villager (Male) |
| 13:06 | Create | Villager (Male) |
| 13:43 | Build | House |
| 13:44 | Build | House |
| 13:44 | Build | House |
| 13:45 | Build | House |
| 15:13 | Age | Castle Age |
| 15:18 | Build | Town Center |
| 15:21 | Create | Villager (Male) |
| 15:27 | Build | Town Center |
| 15:33 | Research | Bow Saw |
| 15:33 | Research | Bow Saw |
| 15:34 | Create | Villager (Male) |
| 15:41 | Build | Farm |
| 15:42 | Build | Farm |
| 15:46 | Build | Farm |
| 15:49 | Build | Farm |
| 15:52 | Build | Farm |
| 15:56 | Create | Villager (Male) |
| 16:00 | Build | Monastery |
| 16:06 | Create | Villager (Male) |
| 16:25 | Create | Villager (Male) |
| 16:25 | Create | Villager (Male) |
| 16:26 | Create | Villager (Male) |
| 16:26 | Create | Villager (Male) |
| 16:31 | Build | Farm |
| 16:34 | Create | Villager (Male) |
| 16:39 | Build | Farm |
| 16:41 | Create | Villager (Male) |
| 16:57 | Build | Farm |
| 17:01 | Create | Villager (Male) |
| 17:01 | Create | Villager (Male) |
| 17:08 | Create | Monk |
| 17:19 | Build | House |
| 17:20 | Create | Villager (Male) |
| 17:25 | Build | Farm |
| 17:35 | Build | Farm |
| 17:36 | Create | Villager (Male) |
| 17:38 | Build | Farm |
| 17:48 | Build | Farm |
| 17:48 | Create | Villager (Male) |
| 17:48 | Create | Villager (Male) |
| 17:51 | Build | Farm |
| 18:03 | Create | Villager (Male) |
| 18:03 | Create | Villager (Male) |
| 18:10 | Build | Farm |
| 18:11 | Build | Farm |
| 18:16 | Build | Farm |
| 18:17 | Create | Villager (Male) |
| 18:19 | Build | Farm |
| 18:27 | Create | Villager (Male) |
| 18:27 | Create | Villager (Male) |
| 18:30 | Create | Monk |
| 18:38 | Build | Farm |
| 18:39 | Build | Farm |
| 18:39 | Create | Villager (Male) |
| 19:05 | Create | Villager (Male) |
| 19:05 | Create | Villager (Male) |
| 19:08 | Create | Villager (Male) |
| 19:14 | Build | Barracks |
| 19:16 | Create | Villager (Male) |
| 19:22 | Build | Town Center |
| 19:25 | Create | Villager (Male) |
| 19:25 | Create | Villager (Male) |
| 19:37 | Create | Villager (Male) |
| 19:37 | Create | Villager (Male) |
| 19:42 | Create | Villager (Male) |
| 19:48 | Create | Villager (Male) |
| 19:55 | Build | Farm |
| 19:56 | Build | Farm |
| 19:58 | Build | Farm |
| 19:59 | Create | Villager (Male) |
| 19:59 | Create | Villager (Male) |
| 20:02 | Build | Farm |
| 20:03 | Build | Farm |
| 20:06 | Build | Farm |
| 20:07 | Build | Farm |
| 20:08 | Create | Villager (Male) |
| 20:08 | Create | Villager (Male) |
| 20:10 | Build | Barracks |
| 20:11 | Create | Villager (Male) |
| 20:11 | Create | Villager (Male) |
| 20:25 | Create | Villager (Male) |
| 20:26 | Create | Villager (Male) |
| 20:34 | Build | House |
| 20:35 | Build | House |
| 20:36 | Build | House |
| 20:36 | Build | House |
| 20:38 | Build | House |
| 20:39 | Build | House |
| 20:40 | Build | House |
| 20:40 | Build | House |
Build order — 結城結弦
First 150 of 262 actions detected
| 0:00 | Create | Villager (Male) |
| 0:01 | Create | Villager (Male) |
| 0:01 | Create | Villager (Male) |
| 0:02 | Build | House |
| 0:04 | Build | House |
| 0:11 | Create | Villager (Male) |
| 1:27 | Create | Villager (Male) |
| 1:50 | Build | Lumber Camp |
| 2:03 | Create | Villager (Male) |
| 2:17 | Create | Villager (Male) |
| 2:52 | Create | Villager (Male) |
| 3:03 | Create | Villager (Male) |
| 3:26 | Build | House |
| 3:27 | Build | House |
| 3:38 | Create | Villager (Male) |
| 3:57 | Create | Villager (Male) |
| 4:11 | Build | House |
| 4:22 | Create | Villager (Male) |
| 4:22 | Create | Villager (Male) |
| 4:37 | Create | Villager (Male) |
| 4:53 | Create | Villager (Male) |
| 4:53 | Create | Villager (Male) |
| 5:16 | Build | Mill |
| 5:17 | Create | Villager (Male) |
| 5:56 | Create | Villager (Male) |
| 5:56 | Create | Villager (Male) |
| 6:09 | Build | Farm |
| 6:23 | Build | Farm |
| 6:23 | Create | Villager (Male) |
| 6:24 | Create | Villager (Male) |
| 6:50 | Create | Villager (Male) |
| 6:51 | Create | Villager (Male) |
| 6:55 | Create | Villager (Male) |
| 7:09 | Create | Villager (Male) |
| 7:26 | Build | Farm |
| 7:55 | Build | Lumber Camp |
| 8:44 | Build | Mining Camp |
| 9:04 | Research | Feudal Age |
| 9:14 | Build | Mining Camp |
| 10:38 | Create | Villager (Male) |
| 11:29 | Build | House |
| 11:46 | Age | Feudal Age |
| 11:51 | Build | Market |
| 11:54 | Build | Blacksmith |
| 11:55 | Create | Villager (Male) |
| 12:06 | Create | Villager (Male) |
| 12:46 | Research | Castle Age |
| 12:46 | Research | Castle Age |
| 12:49 | Research | Double-Bit Axe |
| 13:24 | Research | Horse Collar |
| 13:52 | Build | Farm |
| 14:04 | Build | Farm |
| 14:22 | Create | Villager (Male) |
| 14:26 | Build | Farm |
| 14:44 | Create | Villager (Male) |
| 15:41 | Age | Castle Age |
| 15:50 | Create | Villager (Male) |
| 15:55 | Build | Town Center |
| 16:17 | Create | Villager (Male) |
| 16:17 | Create | Villager (Male) |
| 16:18 | Create | Villager (Male) |
| 16:28 | Research | Bow Saw |
| 16:32 | Build | Farm |
| 16:35 | Build | Farm |
| 16:51 | Create | Villager (Male) |
| 16:56 | Create | Villager (Male) |
| 17:06 | Build | House |
| 17:10 | Create | Villager (Male) |
| 17:21 | Build | Town Center |
| 17:33 | Build | Farm |
| 17:34 | Create | Villager (Male) |
| 17:39 | Build | Farm |
| 17:43 | Build | Farm |
| 17:46 | Build | House |
| 17:47 | Create | Villager (Male) |
| 17:52 | Create | Villager (Male) |
| 18:04 | Build | Farm |
| 18:16 | Build | Castle |
| 18:20 | Create | Villager (Male) |
| 18:24 | Create | Villager (Male) |
| 18:29 | Create | Villager (Male) |
| 18:38 | Create | Villager (Male) |
| 18:43 | Build | Farm |
| 18:45 | Build | Farm |
| 18:48 | Build | Farm |
| 18:51 | Create | Villager (Male) |
| 19:04 | Create | Villager (Male) |
| 19:06 | Build | Farm |
| 19:09 | Build | Farm |
| 19:11 | Create | Villager (Male) |
| 19:19 | Build | Town Center |
| 19:46 | Create | Villager (Male) |
| 19:47 | Create | Villager (Male) |
| 19:49 | Build | Farm |
| 19:53 | Build | Farm |
| 19:54 | Create | Villager (Male) |
| 20:04 | Create | Villager (Male) |
| 20:05 | Create | Villager (Male) |
| 20:05 | Create | Villager (Male) |
| 20:21 | Create | Villager (Male) |
| 20:27 | Build | House |
| 20:29 | Create | Villager (Male) |
| 20:32 | Build | Farm |
| 20:39 | Build | Gate |
| 20:47 | Research | Loom |
| 20:47 | Research | Loom |
| 20:53 | Research | Wheelbarrow |
| 21:03 | Create | Villager (Male) |
| 21:11 | Create | Villager (Male) |
| 21:13 | Build | Farm |
| 21:15 | Build | Farm |
| 21:17 | Build | Farm |
| 21:20 | Create | Villager (Male) |
| 21:24 | Build | Mining Camp |
| 21:28 | Build | House |
| 21:34 | Create | Mangudai |
| 21:38 | Create | Villager (Male) |
| 21:44 | Build | Farm |
| 21:46 | Create | Villager (Male) |
| 21:48 | Research | Fletching |
| 22:04 | Create | Mangudai |
| 22:05 | Create | Mangudai |
| 22:18 | Build | House |
| 22:36 | Research | Town Watch |
| 22:36 | Research | Town Watch |
| 22:38 | Research | Gold Mining |
| 22:38 | Research | Gold Mining |
| 22:39 | Create | Villager (Male) |
| 22:40 | Create | Villager (Male) |
| 22:41 | Build | Farm |
| 22:46 | Create | Villager (Male) |
| 22:47 | Create | Villager (Male) |
| 22:51 | Build | Farm |
| 22:54 | Build | Farm |
| 22:58 | Build | Farm |
| 23:01 | Create | Villager (Male) |
| 23:05 | Create | Villager (Male) |
| 23:05 | Create | Villager (Male) |
| 23:08 | Create | Villager (Male) |
| 23:09 | Create | Villager (Male) |
| 23:09 | Create | Villager (Male) |
| 23:17 | Build | University |
| 23:29 | Create | Mangudai |
| 23:30 | Create | Mangudai |
| 23:33 | Create | Villager (Male) |
| 23:33 | Create | Villager (Male) |
| 23:33 | Create | Villager (Male) |
| 23:34 | Create | Villager (Male) |
| 23:47 | Create | Villager (Male) |
| 23:49 | Build | Farm |
Build order — 让我们说中文
First 150 of 303 actions detected
| 0:03 | Build | House |
| 0:06 | Build | House |
| 0:07 | Create | Villager (Male) |
| 0:07 | Create | Villager (Male) |
| 0:08 | Create | Villager (Male) |
| 0:09 | Build | House |
| 0:11 | Create | Villager (Male) |
| 1:36 | Create | Villager (Male) |
| 2:07 | Create | Villager (Male) |
| 2:17 | Create | Villager (Male) |
| 2:17 | Create | Villager (Male) |
| 2:53 | Build | Lumber Camp |
| 2:56 | Create | Villager (Male) |
| 2:56 | Create | Villager (Male) |
| 3:15 | Build | House |
| 3:16 | Build | House |
| 3:16 | Build | House |
| 3:25 | Create | Villager (Male) |
| 3:34 | Create | Villager (Male) |
| 4:16 | Create | Villager (Male) ×2 |
| 4:55 | Create | Villager (Male) |
| 5:22 | Create | Villager (Male) |
| 5:23 | Create | Villager (Male) |
| 5:42 | Build | House |
| 5:43 | Build | House |
| 5:49 | Create | Villager (Male) |
| 5:49 | Create | Villager (Male) |
| 6:23 | Create | Villager (Male) |
| 6:26 | Build | Mill |
| 6:30 | Create | Villager (Male) ×4 |
| 7:54 | Build | Farm |
| 8:01 | Build | Farm |
| 8:03 | Build | Farm |
| 8:43 | Build | Farm |
| 9:23 | Create | Villager (Male) |
| 9:24 | Create | Villager (Male) |
| 9:37 | Build | Farm |
| 9:40 | Build | Farm |
| 9:43 | Create | Villager (Male) |
| 10:41 | Create | Villager (Male) |
| 10:42 | Research | Feudal Age |
| 10:47 | Build | Farm |
| 11:39 | Build | Farm |
| 11:44 | Create | Villager (Male) |
| 11:44 | Create | Villager (Male) |
| 12:24 | Age | Feudal Age |
| 12:28 | Build | Market |
| 12:29 | Research | Double-Bit Axe |
| 12:36 | Build | Blacksmith |
| 13:02 | Research | Horse Collar |
| 13:22 | Research | Castle Age |
| 13:30 | Build | Farm |
| 14:17 | Research | Wheelbarrow |
| 14:24 | Build | House |
| 14:24 | Build | House |
| 14:26 | Build | House |
| 14:58 | Age | Castle Age |
| 15:15 | Build | Farm |
| 15:18 | Build | Farm |
| 15:20 | Research | Bow Saw |
| 15:24 | Build | Town Center |
| 15:30 | Build | Town Center |
| 15:34 | Create | Villager (Male) |
| 15:50 | Build | House |
| 15:51 | Build | House |
| 15:53 | Build | House |
| 16:03 | Build | Farm |
| 16:03 | Build | Farm |
| 16:12 | Create | Villager (Male) ×5 |
| 16:25 | Create | Villager (Male) |
| 16:31 | Build | Farm |
| 16:35 | Build | Farm |
| 16:41 | Build | Farm |
| 16:47 | Create | Villager (Male) ×5 |
| 16:48 | Create | Villager (Male) ×5 |
| 17:03 | Build | House |
| 17:04 | Build | House |
| 17:04 | Build | House |
| 17:06 | Create | Villager (Male) |
| 17:14 | Build | Farm |
| 17:15 | Build | Farm |
| 17:18 | Build | Farm |
| 17:19 | Build | Farm |
| 17:20 | Build | Farm |
| 17:22 | Create | Villager (Male) |
| 17:22 | Create | Villager (Male) |
| 17:28 | Build | Farm |
| 17:30 | Create | Villager (Male) |
| 17:30 | Create | Villager (Male) |
| 17:46 | Build | Farm |
| 17:54 | Build | House |
| 17:57 | Build | House |
| 17:58 | Build | House |
| 17:58 | Build | House |
| 18:08 | Create | Villager (Male) ×3 |
| 18:14 | Build | Farm |
| 18:16 | Build | Farm |
| 18:19 | Create | Villager (Male) |
| 18:27 | Build | Farm |
| 18:31 | Build | Farm |
| 18:52 | Build | House |
| 18:52 | Build | House |
| 18:54 | Create | Villager (Male) ×5 |
| 18:59 | Create | Villager (Male) |
| 19:03 | Build | Farm |
| 19:09 | Create | Villager (Male) |
| 19:16 | Build | Farm |
| 19:18 | Create | Villager (Male) |
| 19:18 | Create | Villager (Male) |
| 19:27 | Build | Town Center |
| 19:32 | Create | Villager (Male) ×3 |
| 19:35 | Build | House |
| 19:36 | Build | House |
| 19:36 | Build | House |
| 19:57 | Create | Villager (Male) |
| 20:02 | Build | Farm |
| 20:04 | Build | Mill |
| 20:05 | Create | Villager (Male) ×4 |
| 20:10 | Create | Villager (Male) |
| 20:12 | Build | Farm |
| 20:15 | Build | Farm |
| 20:15 | Build | Farm |
| 20:22 | Create | Villager (Male) ×2 |
| 20:30 | Build | House |
| 20:30 | Build | House |
| 20:34 | Build | House |
| 20:35 | Build | House |
| 20:43 | Create | Villager (Male) ×3 |
| 20:46 | Build | Lumber Camp |
| 21:05 | Build | Town Center |
| 21:17 | Create | Villager (Male) ×5 |
| 21:51 | Build | Farm |
| 21:51 | Build | Farm |
| 21:54 | Build | Mill |
| 21:56 | Build | Farm |
| 21:57 | Build | Farm |
| 21:58 | Build | Farm |
| 21:59 | Build | Farm |
| 21:59 | Build | Farm |
| 22:00 | Research | Loom |
| 22:01 | Create | Villager (Male) |
| 22:01 | Create | Villager (Male) ×5 |
| 22:04 | Build | Farm |
| 22:17 | Build | Farm |
| 22:17 | Research | Heavy Plow |
| 22:17 | Research | Heavy Plow |
| 22:18 | Create | Villager (Male) ×4 |
| 22:21 | Build | Mining Camp |
| 22:22 | Create | Villager (Male) |
| 22:40 | Build | House |
Build order — Unlimit
First 150 of 405 actions detected
| 0:02 | Create | Villager (Male) |
| 0:02 | Create | Villager (Male) |
| 0:02 | Create | Villager (Male) |
| 0:02 | Create | Villager (Male) |
| 0:04 | Build | House |
| 0:05 | Build | House |
| 1:43 | Create | Villager (Male) |
| 1:43 | Create | Villager (Male) |
| 1:46 | Build | Settlement |
| 1:53 | Create | Villager (Male) |
| 2:12 | Create | Villager (Male) |
| 2:12 | Create | Villager (Male) |
| 2:52 | Create | Villager (Male) |
| 2:52 | Create | Villager (Male) |
| 3:21 | Create | Villager (Male) |
| 3:21 | Create | Villager (Male) |
| 3:44 | Create | Villager (Male) |
| 3:44 | Create | Villager (Male) |
| 4:09 | Create | Villager (Male) |
| 4:12 | Build | Settlement |
| 4:35 | Create | Villager (Male) |
| 4:35 | Create | Villager (Male) |
| 4:54 | Create | Villager (Male) |
| 4:54 | Create | Villager (Male) |
| 5:20 | Create | Villager (Male) |
| 5:36 | Create | Villager (Male) |
| 5:36 | Create | Villager (Male) |
| 6:08 | Create | Villager (Male) |
| 6:24 | Create | Villager (Male) |
| 6:54 | Create | Villager (Male) |
| 7:10 | Create | Villager (Male) |
| 7:12 | Build | Settlement |
| 8:14 | Research | Feudal Age |
| 8:29 | Build | Farm |
| 8:50 | Build | Farm |
| 9:54 | Create | Villager (Male) |
| 9:54 | Create | Villager (Male) |
| 10:34 | Age | Feudal Age |
| 10:35 | Build | Market |
| 10:37 | Build | Blacksmith |
| 11:13 | Research | Double-Bit Axe |
| 11:23 | Research | Castle Age |
| 11:23 | Research | Castle Age |
| 11:40 | Research | Horse Collar |
| 12:22 | Build | Farm |
| 12:25 | Build | Farm |
| 12:27 | Build | Farm |
| 13:42 | Build | House |
| 13:57 | Create | Villager (Male) |
| 14:04 | Age | Castle Age |
| 14:04 | Build | Town Center |
| 14:08 | Research | Bow Saw |
| 14:08 | Research | Bow Saw |
| 14:11 | Build | Monastery |
| 14:16 | Create | Villager (Male) |
| 14:25 | Build | House |
| 14:26 | Build | House |
| 14:47 | Create | Villager (Male) |
| 14:56 | Build | Town Center |
| 15:01 | Create | Villager (Male) |
| 15:02 | Create | Monk |
| 15:16 | Create | Villager (Male) |
| 15:18 | Build | Farm |
| 15:21 | Create | Villager (Male) |
| 15:26 | Build | Farm |
| 15:35 | Create | Villager (Male) |
| 15:39 | Create | Villager (Male) |
| 15:40 | Create | Villager (Male) |
| 15:47 | Create | Villager (Male) |
| 15:52 | Build | Farm |
| 16:11 | Build | Farm |
| 16:19 | Create | Villager (Male) |
| 16:24 | Build | Farm |
| 16:27 | Build | Farm |
| 16:28 | Build | Farm |
| 16:30 | Build | Farm |
| 16:32 | Create | Villager (Male) |
| 16:43 | Create | Villager (Male) |
| 16:43 | Create | Villager (Male) |
| 16:44 | Create | Villager (Male) |
| 16:49 | Build | Farm |
| 16:51 | Create | Villager (Male) |
| 16:52 | Create | Villager (Male) |
| 16:55 | Build | Farm |
| 17:03 | Build | Farm |
| 17:06 | Build | Farm |
| 17:10 | Build | Farm |
| 17:12 | Create | Villager (Male) |
| 17:12 | Create | Villager (Male) |
| 17:21 | Build | Farm |
| 17:23 | Create | Villager (Male) |
| 17:23 | Create | Villager (Male) |
| 17:29 | Create | Villager (Male) |
| 17:29 | Create | Villager (Male) |
| 17:38 | Build | Farm |
| 17:43 | Build | Farm |
| 17:45 | Create | Villager (Male) |
| 17:54 | Build | Farm |
| 17:58 | Build | Farm |
| 18:01 | Create | Villager (Male) |
| 18:02 | Create | Villager (Male) |
| 18:02 | Create | Villager (Male) |
| 18:05 | Build | Farm |
| 18:07 | Create | Villager (Male) |
| 18:20 | Create | Villager (Male) |
| 18:20 | Create | Villager (Male) |
| 18:25 | Create | Villager (Male) |
| 18:35 | Create | Villager (Male) |
| 18:39 | Build | Farm |
| 18:41 | Create | Villager (Male) |
| 18:41 | Create | Villager (Male) |
| 18:44 | Build | Town Center |
| 18:53 | Build | House |
| 18:54 | Create | Villager (Male) |
| 18:55 | Create | Villager (Male) |
| 18:55 | Create | Villager (Male) |
| 19:00 | Build | Farm |
| 19:05 | Create | Villager (Male) |
| 19:05 | Create | Villager (Male) |
| 19:08 | Build | Farm |
| 19:10 | Create | Villager (Male) |
| 19:24 | Build | House |
| 19:27 | Create | Villager (Male) |
| 19:28 | Create | Villager (Male) |
| 19:28 | Create | Villager (Male) |
| 19:31 | Build | Farm |
| 19:32 | Create | Villager (Male) |
| 19:41 | Create | Villager (Male) |
| 19:41 | Create | Villager (Male) |
| 19:43 | Build | Farm |
| 19:45 | Create | Villager (Male) |
| 19:46 | Create | Villager (Male) |
| 19:51 | Create | Villager (Male) |
| 19:56 | Build | Farm |
| 20:00 | Build | House |
| 20:09 | Create | Villager (Male) |
| 20:10 | Create | Villager (Male) |
| 20:10 | Create | Villager (Male) |
| 20:15 | Create | Villager (Male) |
| 20:15 | Create | Villager (Male) |
| 20:19 | Build | Farm |
| 20:24 | Create | Villager (Male) |
| 20:28 | Build | Farm |
| 20:28 | Build | Farm |
| 20:29 | Build | Farm |
| 20:33 | Create | Villager (Male) |
| 20:33 | Create | Villager (Male) |
| 20:37 | Create | Villager (Male) |
| 20:37 | Create | Villager (Male) |
| 20:40 | Build | House |
Build order — 说句bin道话
First 150 of 363 actions detected
| 0:01 | Create | Villager (Male) |
| 0:01 | Create | Villager (Male) |
| 0:12 | Create | Villager (Male) |
| 0:12 | Create | Villager (Male) |
| 1:34 | Create | Villager (Male) |
| 1:34 | Create | Villager (Male) |
| 1:47 | Create | Villager (Male) |
| 1:47 | Create | Villager (Male) |
| 2:16 | Create | Villager (Male) |
| 2:16 | Create | Villager (Male) |
| 2:35 | Build | Lumber Camp |
| 2:40 | Create | Villager (Male) |
| 2:41 | Create | Villager (Male) |
| 3:16 | Create | Villager (Male) |
| 3:16 | Create | Villager (Male) |
| 3:48 | Create | Villager (Male) |
| 3:48 | Create | Villager (Male) |
| 4:20 | Create | Villager (Male) |
| 4:20 | Create | Villager (Male) |
| 4:20 | Create | Villager (Male) |
| 4:20 | Create | Villager (Male) |
| 4:38 | Create | Villager (Male) |
| 4:38 | Create | Villager (Male) |
| 5:05 | Build | Mill |
| 5:16 | Create | Villager (Male) |
| 5:16 | Create | Villager (Male) |
| 6:15 | Create | Villager (Male) |
| 6:15 | Create | Villager (Male) |
| 6:15 | Create | Villager (Male) |
| 6:15 | Create | Villager (Male) |
| 6:21 | Create | Villager (Male) |
| 6:43 | Create | Villager (Male) |
| 6:44 | Create | Villager (Male) |
| 6:51 | Create | Villager (Male) |
| 7:07 | Build | Farm |
| 7:09 | Build | Farm |
| 7:19 | Create | Villager (Male) |
| 8:24 | Build | Mining Camp |
| 8:29 | Research | Feudal Age |
| 9:04 | Create | Villager (Male) |
| 9:04 | Create | Villager (Male) |
| 10:56 | Age | Feudal Age |
| 10:57 | Build | Market |
| 10:59 | Build | Blacksmith |
| 11:46 | Research | Castle Age |
| 11:51 | Research | Double-Bit Axe |
| 11:52 | Research | Double-Bit Axe |
| 11:56 | Build | Farm |
| 11:58 | Build | Farm |
| 12:03 | Build | Farm |
| 12:23 | Research | Horse Collar |
| 12:23 | Research | Horse Collar |
| 12:32 | Build | Farm |
| 12:33 | Build | Farm |
| 14:01 | Research | Wheelbarrow |
| 14:26 | Age | Castle Age |
| 14:28 | Build | Town Center |
| 14:31 | Build | Town Center |
| 14:48 | Research | Bow Saw |
| 14:50 | Build | Farm |
| 15:25 | Create | Villager (Male) |
| 15:30 | Build | Farm |
| 15:39 | Create | Villager (Male) |
| 15:47 | Create | Villager (Male) |
| 15:47 | Create | Villager (Male) |
| 15:51 | Build | Farm |
| 15:52 | Build | Farm |
| 15:57 | Create | Villager (Male) |
| 15:57 | Create | Villager (Male) |
| 16:07 | Build | Farm |
| 16:09 | Create | Villager (Male) |
| 16:19 | Create | Villager (Male) |
| 16:24 | Build | Farm |
| 16:37 | Build | Farm |
| 16:49 | Build | Farm |
| 16:49 | Build | Farm |
| 16:50 | Create | Villager (Male) |
| 16:50 | Create | Villager (Male) |
| 16:50 | Create | Villager (Male) |
| 16:56 | Build | Farm |
| 17:10 | Build | Farm |
| 17:11 | Create | Villager (Male) |
| 17:17 | Create | Villager (Male) |
| 17:17 | Create | Villager (Male) |
| 17:25 | Create | Villager (Male) |
| 17:25 | Create | Villager (Male) |
| 17:28 | Build | Farm |
| 17:30 | Build | Farm |
| 17:37 | Build | Farm |
| 17:37 | Create | Villager (Male) |
| 17:37 | Create | Villager (Male) |
| 17:46 | Create | Villager (Male) |
| 17:48 | Build | Farm |
| 17:50 | Create | Villager (Male) |
| 17:58 | Build | Farm |
| 17:59 | Create | Villager (Male) |
| 18:04 | Build | Farm |
| 18:14 | Build | Farm |
| 18:14 | Create | Villager (Male) |
| 18:20 | Build | Farm |
| 18:21 | Create | Villager (Male) |
| 18:23 | Create | Villager (Male) |
| 18:23 | Create | Villager (Male) |
| 18:30 | Build | Farm |
| 18:32 | Create | Villager (Male) |
| 18:38 | Create | Villager (Male) |
| 18:47 | Build | Farm |
| 18:47 | Create | Villager (Male) |
| 18:53 | Create | Villager (Male) |
| 18:56 | Build | Farm |
| 19:00 | Build | Farm |
| 19:01 | Create | Villager (Male) |
| 19:09 | Build | Farm |
| 19:10 | Create | Villager (Male) |
| 19:12 | Create | Villager (Male) |
| 19:16 | Build | Farm |
| 19:17 | Create | Villager (Male) |
| 19:34 | Build | Farm |
| 19:35 | Create | Villager (Male) |
| 19:45 | Create | Villager (Male) |
| 19:50 | Build | Barracks |
| 19:52 | Create | Villager (Male) |
| 20:04 | Build | Farm |
| 20:05 | Create | Villager (Male) |
| 20:11 | Research | Gold Mining |
| 20:11 | Research | Gold Mining |
| 20:14 | Create | Villager (Male) |
| 20:24 | Create | Villager (Male) |
| 20:25 | Create | Villager (Male) |
| 20:33 | Create | Villager (Male) |
| 20:34 | Create | Villager (Male) |
| 20:53 | Build | Archery Range |
| 20:53 | Create | Villager (Male) |
| 20:53 | Create | Villager (Male) |
| 20:59 | Research | Fletching |
| 21:00 | Research | Fletching |
| 21:03 | Research | Hand Cart |
| 21:03 | Research | Hand Cart |
| 21:04 | Research | Loom |
| 21:06 | Create | Villager (Male) |
| 21:12 | Create | Villager (Male) |
| 21:20 | Research | Padded Archer Armor |
| 21:20 | Research | Padded Archer Armor |
| 21:22 | Create | Villager (Male) |
| 21:31 | Build | Archery Range |
| 21:46 | Research | Heavy Plow |
| 21:46 | Research | Heavy Plow |
| 21:47 | Create | Villager (Male) |
| 22:00 | Build | Archery Range |
| 22:05 | Create | Villager (Male) |
Build order — luoul
First 150 of 478 actions detected
| 0:00 | Create | Villager (Male) |
| 0:01 | Create | Villager (Male) |
| 0:02 | Build | House |
| 0:04 | Build | House |
| 0:24 | Create | Villager (Male) |
| 0:24 | Create | Villager (Male) |
| 1:23 | Create | Villager (Male) |
| 1:44 | Build | Lumber Camp |
| 1:48 | Create | Villager (Male) |
| 2:17 | Create | Villager (Male) |
| 2:42 | Create | Villager (Male) |
| 2:42 | Create | Villager (Male) |
| 3:10 | Create | Villager (Male) |
| 3:11 | Create | Villager (Male) |
| 3:23 | Build | House |
| 3:36 | Create | Villager (Male) |
| 3:37 | Create | Villager (Male) |
| 3:52 | Build | Mill |
| 4:05 | Create | Villager (Male) |
| 4:32 | Create | Villager (Male) |
| 4:39 | Build | Farm |
| 4:47 | Create | Villager (Male) |
| 5:07 | Build | Farm |
| 5:18 | Create | Villager (Male) |
| 5:19 | Create | Villager (Male) |
| 5:26 | Build | House |
| 6:01 | Build | Farm |
| 6:05 | Create | Villager (Male) |
| 6:05 | Create | Villager (Male) |
| 6:58 | Create | Villager (Male) |
| 6:58 | Create | Villager (Male) |
| 6:58 | Create | Villager (Male) |
| 8:12 | Research | Feudal Age |
| 9:16 | Create | Villager (Male) |
| 9:16 | Create | Villager (Male) |
| 9:26 | Build | House |
| 10:31 | Age | Feudal Age |
| 10:32 | Build | Market |
| 10:34 | Build | Blacksmith |
| 10:41 | Research | Double-Bit Axe |
| 10:41 | Research | Double-Bit Axe |
| 10:52 | Research | Horse Collar |
| 10:52 | Research | Horse Collar |
| 11:19 | Research | Castle Age |
| 11:37 | Build | Farm |
| 11:41 | Build | Farm |
| 11:49 | Build | Farm |
| 12:46 | Research | Loom |
| 13:19 | Build | House |
| 14:01 | Age | Castle Age |
| 14:02 | Build | Town Center |
| 14:09 | Build | Outpost |
| 14:12 | Create | Villager (Male) |
| 14:15 | Research | Bow Saw |
| 14:15 | Research | Bow Saw |
| 14:18 | Create | Villager (Male) |
| 14:38 | Build | Outpost |
| 14:49 | Build | Town Center |
| 14:51 | Create | Villager (Male) |
| 15:13 | Build | Outpost |
| 15:17 | Create | Villager (Male) |
| 15:17 | Create | Villager (Male) |
| 15:19 | Build | Farm |
| 15:21 | Create | Villager (Male) |
| 15:35 | Create | Villager (Male) |
| 15:41 | Build | Farm |
| 15:42 | Create | Villager (Male) |
| 15:59 | Create | Villager (Male) |
| 16:03 | Build | Farm |
| 16:14 | Create | Villager (Male) |
| 16:14 | Create | Villager (Male) |
| 16:16 | Build | Farm |
| 16:20 | Create | Villager (Male) |
| 16:20 | Create | Villager (Male) |
| 16:21 | Build | Farm |
| 16:33 | Build | Farm |
| 16:35 | Create | Villager (Male) |
| 16:35 | Create | Villager (Male) |
| 16:39 | Research | Wheelbarrow |
| 16:39 | Research | Wheelbarrow |
| 16:47 | Create | Villager (Male) |
| 16:51 | Build | Farm |
| 16:52 | Create | Villager (Male) |
| 16:56 | Build | Farm |
| 17:08 | Build | Farm |
| 17:12 | Build | Outpost |
| 17:14 | Create | Villager (Male) |
| 17:16 | Research | Town Watch |
| 17:16 | Research | Town Watch |
| 17:19 | Create | Villager (Male) |
| 17:22 | Build | Farm |
| 17:27 | Create | Villager (Male) |
| 17:29 | Build | Farm |
| 17:33 | Build | Farm |
| 17:58 | Build | Outpost |
| 18:00 | Create | Villager (Male) |
| 18:00 | Create | Villager (Male) |
| 18:21 | Build | Town Center |
| 18:24 | Create | Villager (Male) |
| 18:24 | Create | Villager (Male) |
| 18:24 | Create | Villager (Male) |
| 18:37 | Build | House |
| 18:45 | Create | Villager (Male) |
| 18:49 | Build | House |
| 18:50 | Build | House |
| 18:51 | Build | House |
| 18:56 | Research | Hand Cart |
| 18:56 | Research | Hand Cart |
| 18:56 | Create | Villager (Male) |
| 18:56 | Create | Villager (Male) |
| 19:11 | Build | Farm |
| 19:13 | Build | Farm |
| 19:14 | Create | Villager (Male) |
| 19:14 | Create | Villager (Male) |
| 19:21 | Build | Farm |
| 19:29 | Build | Farm |
| 19:32 | Build | House |
| 19:32 | Build | House |
| 19:36 | Create | Villager (Male) |
| 19:37 | Create | Villager (Male) |
| 19:37 | Create | Villager (Male) |
| 19:38 | Create | Villager (Male) |
| 19:42 | Build | Farm |
| 19:46 | Build | Farm |
| 19:47 | Create | Villager (Male) |
| 20:02 | Create | Villager (Male) |
| 20:02 | Create | Villager (Male) |
| 20:04 | Build | Farm |
| 20:10 | Build | Mining Camp |
| 20:11 | Create | Villager (Male) |
| 20:14 | Create | Villager (Male) |
| 20:18 | Build | House |
| 20:23 | Build | Farm |
| 20:24 | Create | Villager (Male) |
| 20:24 | Create | Villager (Male) |
| 20:34 | Create | Villager (Male) |
| 20:34 | Create | Villager (Male) |
| 20:34 | Create | Villager (Male) |
| 20:37 | Build | Farm |
| 20:39 | Build | Farm |
| 20:40 | Create | Villager (Male) |
| 20:40 | Create | Villager (Male) |
| 20:47 | Build | Farm |
| 20:57 | Build | House |
| 20:58 | Build | House |
| 20:59 | Build | House |
| 21:00 | Build | House |
| 21:00 | Create | Villager (Male) |
| 21:01 | Create | Villager (Male) |
| 21:01 | Create | Villager (Male) |
Build order — THE_藥
First 150 of 213 actions detected
| 0:02 | Create | Villager (Male) |
| 0:03 | Build | House |
| 0:04 | Build | House |
| 0:19 | Create | Villager (Male) ×3 |
| 1:39 | Create | Villager (Male) |
| 2:03 | Create | Villager (Male) |
| 2:22 | Create | Villager (Male) |
| 2:39 | Build | Lumber Camp |
| 2:49 | Create | Villager (Male) |
| 3:03 | Create | Villager (Male) |
| 3:28 | Build | House |
| 3:29 | Build | House |
| 3:30 | Build | House |
| 3:35 | Create | Villager (Male) |
| 3:57 | Create | Villager (Male) |
| 4:28 | Create | Villager (Male) |
| 4:53 | Build | Mill |
| 5:00 | Create | Villager (Male) |
| 5:00 | Create | Villager (Male) |
| 5:26 | Create | Villager (Male) |
| 5:58 | Create | Villager (Male) |
| 6:39 | Create | Villager (Male) |
| 6:39 | Create | Villager (Male) |
| 7:20 | Create | Villager (Male) |
| 7:21 | Create | Villager (Male) |
| 8:10 | Build | Mining Camp |
| 8:17 | Research | Feudal Age |
| 8:39 | Build | Farm |
| 8:40 | Build | Farm |
| 8:41 | Build | Farm |
| 9:52 | Build | House |
| 9:53 | Build | House |
| 9:54 | Build | House |
| 10:30 | Create | Villager (Male) ×5 |
| 10:32 | Age | Feudal Age |
| 10:36 | Build | Market |
| 10:47 | Build | Blacksmith |
| 10:49 | Build | House |
| 10:50 | Build | House |
| 10:51 | Build | House |
| 11:11 | Build | Farm |
| 11:24 | Build | Farm |
| 11:41 | Build | Farm |
| 12:13 | Research | Castle Age |
| 12:52 | Research | Double-Bit Axe |
| 12:52 | Research | Double-Bit Axe |
| 12:52 | Research | Double-Bit Axe |
| 12:53 | Research | Double-Bit Axe |
| 13:11 | Research | Horse Collar |
| 14:53 | Age | Castle Age |
| 14:54 | Build | Town Center |
| 14:56 | Create | Villager (Male) |
| 15:01 | Build | Town Center |
| 15:07 | Research | Bow Saw |
| 15:08 | Research | Bow Saw |
| 15:08 | Research | Bow Saw |
| 15:17 | Create | Villager (Male) |
| 15:23 | Research | Heavy Plow |
| 15:37 | Build | Farm |
| 15:39 | Build | Farm |
| 15:41 | Build | Farm |
| 15:47 | Create | Villager (Male) |
| 15:56 | Build | Farm |
| 16:00 | Create | Villager (Male) |
| 16:19 | Create | Villager (Male) |
| 16:24 | Create | Villager (Male) |
| 16:26 | Research | Loom |
| 16:34 | Build | Farm |
| 16:35 | Build | Farm |
| 16:36 | Build | Farm |
| 16:40 | Create | Villager (Male) |
| 16:40 | Create | Villager (Male) |
| 16:50 | Build | Farm |
| 16:51 | Build | Farm |
| 16:52 | Build | Farm |
| 16:56 | Create | Villager (Male) |
| 17:05 | Build | Farm |
| 17:07 | Build | Farm |
| 17:19 | Create | Villager (Male) |
| 17:19 | Create | Villager (Male) |
| 17:27 | Build | House |
| 17:35 | Build | House |
| 17:40 | Build | Stone Wall |
| 17:44 | Build | House |
| 17:49 | Build | Siege Workshop |
| 17:52 | Create | Villager (Male) |
| 17:54 | Create | Villager (Male) |
| 17:54 | Create | Villager (Male) |
| 17:58 | Build | Gate |
| 18:01 | Build | House |
| 18:03 | Build | House |
| 18:08 | Build | Stone Wall |
| 18:15 | Create | Villager (Male) |
| 18:28 | Create | Mangonel |
| 18:55 | Create | Villager (Male) |
| 18:55 | Create | Villager (Male) |
| 18:55 | Create | Villager (Male) |
| 19:01 | Build | Farm |
| 19:10 | Create | Mangonel |
| 19:26 | Create | Villager (Male) |
| 19:26 | Create | Villager (Male) |
| 19:28 | Build | Farm |
| 19:30 | Build | Farm |
| 19:31 | Build | Farm |
| 19:34 | Build | Farm |
| 19:36 | Build | Farm |
| 19:47 | Build | Farm |
| 19:59 | Create | Villager (Male) |
| 19:59 | Create | Villager (Male) |
| 20:07 | Create | Villager (Male) |
| 20:08 | Create | Villager (Male) |
| 20:21 | Build | Farm |
| 20:27 | Create | Villager (Male) |
| 20:27 | Create | Villager (Male) |
| 20:28 | Create | Villager (Male) |
| 20:41 | Build | Barracks |
| 20:47 | Build | Farm |
| 20:48 | Build | Farm |
| 20:54 | Build | Stone Wall |
| 20:56 | Build | Stone Wall |
| 21:09 | Build | Gate |
| 21:11 | Build | House |
| 21:19 | Build | Gate |
| 21:21 | Create | Villager (Male) |
| 21:21 | Create | Villager (Male) |
| 21:21 | Create | Villager (Male) |
| 21:40 | Build | Stable |
| 21:43 | Build | Stable |
| 21:55 | Create | Villager (Male) ×5 |
| 22:14 | Build | Farm |
| 22:45 | Research | Forging |
| 22:47 | Research | Scale Barding Armor |
| 22:54 | Build | Farm |
| 22:58 | Create | Knight ×4 |
| 23:02 | Create | Villager (Male) ×5 |
| 23:08 | Build | Farm |
| 23:09 | Build | Farm |
| 23:10 | Build | Farm |
| 23:10 | Build | Farm |
| 23:13 | Build | Farm |
| 23:15 | Build | Farm |
| 23:16 | Build | Farm |
| 23:17 | Build | Farm |
| 23:18 | Build | Farm |
| 23:19 | Build | Farm |
| 23:20 | Build | Farm |
| 23:29 | Build | House |
| 23:30 | Build | House |
| 23:31 | Build | House |
| 23:32 | Build | House |
Build order — 张宇腾
First 150 of 180 actions detected
| 0:03 | Create | Villager (Male) ×4 |
| 0:04 | Create | Villager (Male) ×4 |
| 0:05 | Build | House |
| 0:07 | Build | House |
| 1:33 | Create | Villager (Male) |
| 1:50 | Build | Lumber Camp |
| 2:02 | Create | Villager (Male) |
| 2:22 | Create | Villager (Male) |
| 2:56 | Create | Villager (Male) |
| 2:56 | Create | Villager (Male) |
| 3:20 | Create | Villager (Male) |
| 3:34 | Build | House |
| 3:35 | Build | House |
| 3:36 | Build | House |
| 3:47 | Create | Villager (Male) |
| 3:47 | Create | Villager (Male) |
| 3:47 | Create | Villager (Male) |
| 4:31 | Build | Mining Camp |
| 4:36 | Create | Villager (Male) |
| 4:36 | Create | Villager (Male) |
| 4:45 | Create | Villager (Male) |
| 5:19 | Create | Villager (Male) |
| 5:27 | Create | Villager (Male) |
| 5:28 | Create | Villager (Male) |
| 5:28 | Create | Villager (Male) |
| 5:44 | Build | Mill |
| 6:14 | Create | Villager (Male) |
| 6:14 | Create | Villager (Male) |
| 7:19 | Create | Villager (Male) |
| 7:37 | Create | Villager (Male) |
| 7:48 | Create | Villager (Male) |
| 7:48 | Create | Villager (Male) |
| 7:53 | Create | Villager (Male) |
| 8:49 | Build | Farm |
| 8:50 | Build | Farm |
| 8:52 | Build | Farm |
| 9:19 | Build | Mining Camp |
| 9:23 | Research | Feudal Age |
| 10:22 | Create | Villager (Male) |
| 10:22 | Create | Villager (Male) |
| 11:49 | Age | Feudal Age |
| 11:52 | Build | Market |
| 11:57 | Build | Blacksmith |
| 12:42 | Build | House |
| 13:02 | Research | Loom |
| 13:09 | Research | Castle Age |
| 13:59 | Research | Double-Bit Axe |
| 14:32 | Research | Horse Collar |
| 14:50 | Research | Loom |
| 15:09 | Create | Villager (Male) |
| 15:21 | Create | Villager (Male) |
| 15:49 | Age | Castle Age |
| 16:05 | Build | Castle |
| 16:12 | Build | Siege Workshop |
| 16:23 | Create | Villager (Male) |
| 16:55 | Research | Fletching |
| 17:05 | Build | University |
| 17:11 | Build | Farm |
| 17:12 | Build | Farm |
| 17:13 | Build | Farm |
| 17:22 | Create | Villager (Male) |
| 17:35 | Build | Mining Camp |
| 17:39 | Create | Unit 1968 |
| 17:39 | Create | Unit 1968 |
| 17:39 | Create | Unit 1968 |
| 17:46 | Create | Villager (Male) |
| 17:59 | Create | Villager (Male) |
| 18:10 | Create | Unit 1968 |
| 18:10 | Create | Unit 1968 |
| 18:10 | Create | Unit 1968 |
| 18:24 | Create | Villager (Male) |
| 18:24 | Create | Villager (Male) |
| 18:32 | Create | Unit 1968 |
| 18:39 | Research | Bodkin Arrow |
| 18:45 | Create | Unit 1968 |
| 18:46 | Create | Unit 1968 |
| 18:48 | Create | Villager (Male) |
| 19:12 | Create | Unit 1968 |
| 19:12 | Create | Unit 1968 |
| 19:12 | Create | Unit 1968 |
| 19:32 | Create | Unit 1968 |
| 19:32 | Create | Unit 1968 |
| 19:50 | Create | Unit 1968 |
| 19:51 | Create | Unit 1968 |
| 19:51 | Create | Unit 1968 |
| 19:52 | Create | Villager (Male) |
| 19:58 | Build | Farm |
| 20:08 | Build | Farm |
| 20:10 | Create | Villager (Male) |
| 20:25 | Create | Unit 1968 |
| 20:44 | Create | Villager (Male) |
| 21:04 | Create | Unit 1968 |
| 21:04 | Create | Unit 1968 |
| 21:05 | Create | Unit 1968 |
| 21:05 | Create | Unit 1968 |
| 21:05 | Create | Unit 1968 |
| 21:05 | Create | Unit 1968 |
| 21:07 | Create | Villager (Male) |
| 21:20 | Build | House |
| 21:23 | Build | House |
| 21:42 | Create | Villager (Male) |
| 21:57 | Create | Unit 1968 |
| 22:49 | Research | Tech 1080 |
| 22:49 | Research | Tech 1080 |
| 23:03 | Create | Unit 1968 |
| 23:08 | Create | Villager (Male) |
| 23:08 | Create | Villager (Male) |
| 23:28 | Research | Ballistics |
| 23:58 | Build | Castle |
| 24:05 | Create | Villager (Male) |
| 24:05 | Create | Villager (Male) |
| 24:08 | Create | Unit 1968 ×5 |
| 24:08 | Create | Unit 1968 ×5 |
| 24:09 | Create | Unit 1968 ×5 |
| 24:29 | Create | Villager (Male) |
| 24:37 | Build | Farm |
| 24:40 | Build | Farm |
| 24:43 | Build | Farm |
| 24:46 | Build | Farm |
| 24:48 | Build | Farm |
| 24:49 | Build | Farm |
| 24:53 | Build | House |
| 24:54 | Build | House |
| 24:55 | Build | House |
| 25:10 | Create | Villager (Male) |
| 25:24 | Create | Unit 1968 ×3 |
| 25:25 | Create | Unit 1968 ×3 |
| 25:25 | Create | Unit 1968 ×3 |
| 26:20 | Create | Unit 1968 ×5 |
| 26:20 | Create | Unit 1968 ×5 |
| 26:20 | Create | Unit 1968 ×5 |
| 26:24 | Research | Wheelbarrow |
| 26:46 | Create | Unit 1968 ×3 |
| 26:46 | Create | Unit 1968 ×3 |
| 26:47 | Create | Unit 1968 ×3 |
| 27:07 | Create | Villager (Male) |
| 27:07 | Create | Villager (Male) |
| 27:15 | Build | Farm |
| 27:16 | Build | Farm |
| 27:17 | Build | Farm |
| 27:20 | Build | House |
| 27:44 | Create | Unit 1968 ×2 |
| 27:44 | Create | Unit 1968 ×2 |
| 27:44 | Create | Unit 1968 ×2 |
| 27:47 | Create | Villager (Male) |
| 28:09 | Create | Villager (Male) |
| 28:15 | Build | Lumber Camp |
| 28:21 | Research | Bow Saw |
| 28:41 | Create | Unit 1968 ×2 |
| 28:41 | Create | Unit 1968 ×2 |
Match timeline
| 10:31 | luoul · age_up feudal |
| 10:32 | THE_藥 · age_up feudal |
| 10:34 | Unlimit · age_up feudal |
| 10:56 | 说句bin道话 · age_up feudal |
| 11:46 | 結城結弦 · age_up feudal |
| 11:49 | 张宇腾 · age_up feudal |
| 12:03 | 随机必投 · age_up feudal |
| 12:24 | 让我们说中文 · age_up feudal |
| 12:43 | 随机必投 · first_market_sell 100 stone |
| 12:45 | luoul · first_market_sell 100 wood |
| 13:22 | 让我们说中文 · first_market_sell 100 wood |
| 14:01 | luoul · age_up castle |
| 14:04 | Unlimit · age_up castle |
| 14:11 | Unlimit · first_building Monastery |
| 14:20 | Unlimit · first_market_buy 100 wood |
| 14:26 | 说句bin道话 · age_up castle |
| 14:53 | THE_藥 · age_up castle |
| 14:58 | 让我们说中文 · age_up castle |
| 15:13 | 随机必投 · age_up castle |
| 15:41 | 結城結弦 · age_up castle |
| 15:43 | 说句bin道话 · first_market_buy 100 food |
| 15:49 | 张宇腾 · age_up castle |
| 16:00 | 随机必投 · first_building Monastery |
| 16:05 | 张宇腾 · first_building Castle |
| 16:12 | 张宇腾 · first_building Siege Workshop |
| 17:40 | THE_藥 · wall_segment Stone Wall x1 |
| 17:49 | THE_藥 · first_building Siege Workshop |
| 18:08 | THE_藥 · wall_segment Stone Wall x7 |
| 18:16 | 結城結弦 · first_building Castle |
| 18:37 | 张宇腾 · first_market_buy 100 food |
| 19:14 | 随机必投 · first_building Barracks |
| 19:50 | 说句bin道话 · first_building Barracks |
| 20:41 | THE_藥 · first_building Barracks |
| 20:53 | 说句bin道话 · first_building Archery Range |
| 20:54 | THE_藥 · wall_segment Stone Wall x2 |
| 20:56 | THE_藥 · wall_segment Stone Wall x6 |
| 21:40 | THE_藥 · first_building Stable |
| 22:34 | luoul · first_building Barracks |
| 23:26 | 张宇腾 · first_market_sell 100 wood |
| 23:52 | 随机必投 · first_building Stable |
| 23:53 | luoul · first_building Archery Range |
| 23:58 | 说句bin道话 · first_building Stable |
| 24:08 | Unlimit · first_market_sell 100 wood |
| 24:10 | luoul · first_building Monastery |
| 24:26 | 让我们说中文 · first_building Monastery |
| 24:27 | 結城結弦 · first_building Barracks |
| 24:34 | THE_藥 · first_market_buy 100 stone |
| 24:37 | THE_藥 · first_building Castle |
| 25:02 | Unlimit · first_building Barracks |
| 25:16 | 結城結弦 · first_building Siege Workshop |
| 25:18 | 让我们说中文 · first_building Barracks |
| 25:20 | 说句bin道话 · first_building Castle |
| 25:44 | Unlimit · first_building Archery Range |
| 26:45 | 让我们说中文 · first_building Castle |
| 26:47 | 結城結弦 · first_building Stable |
| 27:09 | 結城結弦 · first_market_sell 100 food |
| 27:21 | 让我们说中文 · first_building Stable |
| 27:39 | Unlimit · first_building Castle |
| 27:52 | 让我们说中文 · age_up imperial |
| 27:54 | Unlimit · age_up imperial |
| 28:24 | luoul · age_up imperial |
| 28:29 | 随机必投 · age_up imperial |
| 28:42 | 说句bin道话 · first_market_sell 100 food |
| 28:57 | 随机必投 · first_market_buy 100 food |
| 29:06 | luoul · first_building Siege Workshop |
| 29:46 | THE_藥 · first_market_sell 100 stone |
| 30:20 | 結城結弦 · age_up imperial |
| 31:57 | 说句bin道话 · age_up imperial |
| 33:58 | 让我们说中文 · tribute_sent a jugador 1 |
| 33:58 | 让我们说中文 · tribute_sent a jugador 3 |
| 33:58 | 让我们说中文 · tribute_sent a jugador 4 |
| 33:58 | 让我们说中文 · tribute_sent a jugador 5 |
| 33:58 | 让我们说中文 · tribute_sent a jugador 6 |
| 33:58 | 让我们说中文 · tribute_sent a jugador 7 |
| 33:58 | 让我们说中文 · tribute_sent a jugador 8 |
| 34:06 | 結城結弦 · first_building Archery Range |
| 34:20 | 結城結弦 · resign |
| 34:50 | 张宇腾 · age_up imperial |
| 36:22 | 让我们说中文 · tribute_sent a jugador 1 |
| 36:22 | 让我们说中文 · tribute_sent a jugador 3 |
| 36:22 | 让我们说中文 · tribute_sent a jugador 4 |
| 36:22 | 让我们说中文 · tribute_sent a jugador 5 |
| 36:22 | 让我们说中文 · tribute_sent a jugador 6 |
| 36:22 | 让我们说中文 · tribute_sent a jugador 7 |
| 36:22 | 让我们说中文 · tribute_sent a jugador 8 |
| 36:55 | 让我们说中文 · first_building Archery Range |
[ AI ANALYSIS · 1 CREDIT ]
What really happened in this match?
Wolo.gg analyzes every decision: build order, eco, micro, common mistakes by bracket. Personalized analysis on WhatsApp or Discord in 30 seconds.
Civ guide
Persians
Perfil
Jugador #21813191